 Dungeon Crawl Stone Soup version 0.20.1-1-g8b1a95d (webtiles) character file.

3164 Monsterracer the Skirmisher (level 9, -8/74 HPs)
             Began as a Mummy Chaos Knight on Aug 7, 2017.
             Was an Initiate of Gozag.
             Mangled by a small abomination (9 damage)
             ... summoned by the capriciousness of Xom
             ... in a bailey.
             The game lasted 00:30:57 (39379 turns).

Monsterracer the Skirmisher (Mummy Chaos Knight)   Turns: 39379, Time: 00:30:58

Health: -8/74      AC: 17    Str: 18    XL:     9   Next: 63%
Magic:  3/3        EV: 17    Int: 23    God:    Gozag
Gold:   645        SH:  5    Dex: 16    Spells: 6/8 levels left

rFire    + . .     SeeInvis +   b - +8 quarterstaff of the Ring {antimagic, rF++ Int+7}
rCold    + . .     Gourm    .   (shield currently unavailable)
rNeg     + + +     Faith    .   u - +2 scale mail of Theory {Int+6 Stlth+}
rPois    ∞         Spirit   .   i - +2 helmet
rElec    .         Reflect  +   n - +1 cloak (curse)
rCorr    .         Harm     .   (no gloves)
MR       +....                  g - +1 pair of boots
Stlth    ++........             e - +5 amulet of reflection
Regen    0.3/turn               a - ring of see invisible
MPRegen  0.1/turn               A - -2 ring of intelligence (curse)

@: agile, hasted, very quick
A: no food or potions, fire vulnerability, cold resistance 1, negative energy
resistance 3, torment resistance, unbreathing
a: Potion Petition, Call Merchant, Bribe Branch, Renounce Religion


You were in a bailey.
You worshipped Gozag.
Gozag was pleased with you.
You were not hungry.

You visited 2 branches of the dungeon, and saw 8 of its levels.
You also visited: Bailey.

You collected 778 gold pieces.
You paid 133 gold pieces to Gozag.

Inventory:

Hand Weapons
 b - the +8 quarterstaff of the Ring (weapon) {antimagic, rF++ Int+7}
   (You found it on level 6 of the Dungeon)

   It reduces the magical energy of the wielder, and disrupts the spells and
   magical abilities of those hit.
   Natural abilities and divine invocations are not affected.
   It affects your intelligence (+7).
   It greatly protects you from fire.
Missiles
 q - 6 tomahawks of returning (quivered)
Armour
 g - a +1 pair of boots (worn)
 i - a +2 helmet (worn)
 n - a cursed +1 cloak (worn)
 u - the +2 scale mail of Theory (worn) {Int+6 Stlth+}
   (Xom gifted it to you on level 3 of the Dungeon)

   It affects your intelligence (+6).
   It makes you more stealthy.
 x - a +2 buckler
Jewellery
 a - a ring of see invisible (left hand)
 e - a +5 amulet of reflection (around neck)
 l - an uncursed ring of stealth
 A - a cursed -2 ring of intelligence (right hand)
Wands
 m - a wand of scattershot (7/9)
 o - a wand of paralysis (9/24)
 p - a wand of flame (17/48)
 t - a wand of polymorph (9/24)
 v - a wand of polymorph (11/24)
 w - a wand of flame (16/48)
 z - a wand of clouds (6/9)
 B - a wand of lightning (12/15)
Scrolls
 c - 2 scrolls of fog
 d - 7 scrolls of identify
 f - 6 scrolls of remove curse
 h - a scroll of fear
 j - 2 scrolls of blinking
 k - 3 scrolls of teleportation
 y - a scroll of recharging
Books
 r - a book of the Warp

   Spells                             Type                      Level
   a - Gell's Gravitas                Translocation                3
   b - Portal Projectile              Hexes/Translocation          3
   c - Force Lance                    Conjuration/Translocation    4
   d - Dispersal                      Translocation                6
   e - Controlled Blink               Translocation                8
   f - Disjunction                    Translocation                8
Miscellaneous
 s - a fan of gales


   Skills:
 * Level 7.8 Fighting
   Level 6.1(6.5) Maces & Flails
 * Level 3.0(5.0) Staves
 + Level 4.9 Armour
 + Level 4.0 Dodging
 - Level 3.0 Shields


You had 6 spell levels left.
You knew the following spells:

 Your Spells              Type           Power        Failure   Level  Hunger
a - Swiftness             Chrm/Air       #.......     56%         2    N/A

Dungeon Overview and Level Annotations

Branches:
Dungeon (7/15)             Temple (1/1) D:6

Altars:
Ashenzari
Cheibriados
Dithmenos
Elyvilon
Fedhas
Gozag
Hepliaklqana
Nemelex Xobeh
Okawaru
Qazlal
Ru
Sif Muna
Trog
Uskayaw
Vehumet
Xom
Yredelemnul
Zin
The Shining One
Jiyva

Shops:
D:6 !


Innate Abilities, Weirdness & Mutations

You do not eat or drink.
Your flesh is vulnerable to fire.
You are immune to poison.
Your flesh is cold resistant. (rC+)
You are immune to negative energy. (rN+++)
You are immune to unholy pain and torment.
You can survive without breathing.


Message History

The small abomination is heavily damaged.
You hit the small abomination.
The small abomination is severely damaged.
The small abomination hits you!
* * * LOW HITPOINT WARNING * * *
Huge Dmg: -21%(-15hp) hp: 19%(14hp)
You completely miss the small abomination.
The small abomination is severely damaged.
The small abomination hits you!
* * * LOW HITPOINT WARNING * * *
Huge Dmg: -17%(-13hp) hp: 2%(1hp) Evoke which item? (* to show all) (? for menu, Esc to quit)
Aiming: Scattershot
Press: ? - help, Shift-Dir - straight line, f - small abomination
Aim: a small abomination (severely damaged, summoned)
The burst of metal fragments hits the small abomination. x4
The small abomination is almost destroyed.
This wand has 7 charges left.
The small abomination hits you!
You die...
Your body crumbles into a pile of gold.

### #+#.###
###..@..###
##.....x..!## $
#8........!!# $
#8.........!# $
+.....⌠....∩# $
#8..........# $
#8........!.#
###...)....!##
##
###.###))...###


You could see a small abomination.

Vanquished Creatures
  The ghost of p0werm0de the Chopper, a novice DsBe of Trog (D:6)
  8 orc warriors
  A sky beast (D:4)
  4 ogres
  A centaur (D:5)
  A phantom (D:3)
  A big kobold (D:4)
  A bullfrog (D:6)
  A wyvern zombie (D:7)
  5 scorpions
  A howler monkey (D:4)
  A crimson imp (D:3)
  A jelly (D:4)
  3 hounds
  A bullfrog skeleton (D:4)
  3 orc priests
  Crazy Yiuf (D:2)
  Terence (D:3)
  2 iguanas
  7 worker ants
  4 orc wizards
  A hound skeleton (D:6)
  A worker ant zombie (D:7)
  9 gnolls
  11 adders
  3 shadow imps (D:5)
  An ooze (D:4)
  2 worms
  7 dart slugs
  3 leopard geckos
  27 orcs
  3 ball pythons
  3 giant cockroaches
  19 hobgoblins
  7 jackals
  4 quokkas
  9 bats
  8 frilled lizards
  17 goblins
  A jackal skeleton (D:4)
  9 kobolds
  A leopard gecko skeleton (D:4)
  4 quokka skeletons
  12 rats
  A fungus (D:2)
212 creatures vanquished.

Vanquished Creatures (collateral kills)
  Jessica (D:3)
1 creature vanquished.

Vanquished Creatures (others)
  An ooze (D:2)
  A ball lightning (D:4)
  A kobold (D:1)
  A fungus (D:2)
4 creatures vanquished.

Grand Total: 217 creatures vanquished

Notes
Turn   | Place    | Note
-------+----------+-------------------------------------------
     0 | D:1      | Monsterracer the Mummy Chaos Knight began the quest for the Orb.
     0 | D:1      | Reached XP level 1. HP: 18/18 MP: 1/1
    53 | D:1      | XOM: harmless Erth miscast
    88 | D:1      | Reached XP level 2. HP: 24/24 MP: 2/2
   257 | D:1      | XOM: potion effect (invisibility)
   369 | D:1      | XOM is BORED!
   369 | D:1      | XOM: silly message
   423 | D:1      | XOM: divination: magic mapping
   481 | D:2      | Reached XP level 3. HP: 29/29 MP: 3/3
   507 | D:2      | XOM: divination: detect items
   970 | D:2      | Reached XP level 4. HP: 26/35 MP: 4/4
   979 | D:2      | XOM: divination: detect creatures
  1197 | D:2      | Found a runed door.
  1201 | D:2      | Noticed Crazy Yiuf
  1206 | D:2      | Killed Crazy Yiuf
  1206 | D:2      | Reached skill level 1 in Dodging
  1371 | D:3      | XOM: noise
  1426 | D:1      | XOM: divination: magic mapping
  1480 | D:1      | XOM: cloud trail
  1496 | D:1      | XOM: divination: magic mapping
  1573 | D:1      | XOM: scenery: create altars
  2080 | D:1      | XOM: scenery: create altars
  2319 | D:1      | XOM: god gift: wand of scattershot (?/9) {god gift}
  2581 | D:1      | XOM is BORED!
  2581 | D:1      | XOM: mild Erth miscast
  2702 | D:1      | XOM: god gift: 39 gold pieces
  2960 | D:1      | XOM: god gift: 16 stones
  3169 | D:1      | XOM: 2-stop teleportation journey
  3269 | D:1      | XOM: god gift: short smoking staff {god gift}
  3719 | D:1      | XOM: god gift: book of Clouds
  5062 | D:1      | XOM: summons 1 hostile shadow creature
  5430 | D:1      | XOM: god gift: scroll labeled RYOTACS NION {god gift}
  5845 | D:1      | XOM: cloud trail
  6133 | D:1      | XOM: cloud trail
  6744 | D:1      | XOM: scenery: create altars
  6846 | D:1      | XOM: god gift: iron wand {god gift}
  7040 | D:1      | XOM is BORED!
  7040 | D:1      | XOM: mild Fire miscast
  7070 | D:2      | XOM: 4-stop teleportation journey
  7113 | D:3      | Reached XP level 5. HP: 38/42 MP: 5/5
  7114 | D:3      | XOM: god gift: orange potion {god gift}
  7641 | D:2      | XOM: divination: detect items
  8005 | D:2      | XOM: noise
  8029 | D:2      | XOM: god gift: ivory wand {god gift}
  9157 | D:2      | XOM: god gift: 13 bolts
  9186 | D:2      | XOM: god gift: 6 tomahawks of returning
  9410 | D:2      | XOM: mild Pois miscast
 10012 | D:2      | XOM is BORED!
 10012 | D:2      | XOM: summons 1 hostile demon
 10172 | D:3      | Noticed Jessica
 10182 | D:3      | XOM: summons friendly iron imp
 10185 | D:3      | Killed Jessica
 10185 | D:3      | Reached skill level 4 in Fighting
 10415 | D:3      | Found a snail-covered altar of Cheibriados.
 10597 | D:3      | XOM: god gift: droning book {god gift}
 10597 | D:3      | Identified Xom's Papyrus of Hairiness (Xom gifted it to you on level 3 of the Dungeon)
 10653 | D:3      | Reached skill level 1 in Shields
 10737 | D:3      | XOM: divination: detect creatures
 10744 | D:3      | XOM: god gift: ring mail {god gift}
 10857 | D:3      | Noticed Terence
 10875 | D:3      | Killed Terence
 10875 | D:3      | Reached XP level 6. HP: 43/48 MP: 6/6
 11527 | D:3      | XOM: god gift: fan of gales
 11812 | D:3      | XOM: god gift: wand of polymorph (?/24) {god gift}
 11815 | D:3      | XOM: scenery: create altars
 12246 | D:3      | XOM: god gift: shimmering scale mail {god gift}
 12249 | D:3      | Got a shimmering scale mail {god gift}
 12260 | D:3      | Identified the +2 scale mail of Theory {Int+6 Stlth+} (Xom gifted it to you on level 3 of the Dungeon)
 12402 | D:3      | XOM: 3-stop teleportation journey
 13882 | D:3      | XOM: divination: detect items
 14660 | D:3      | XOM: potion effect (might)
 14665 | D:3      | XOM: potion effect (agility)
 15375 | D:3      | XOM: harmless Tloc miscast
 15527 | D:3      | XOM: silly message
 15779 | D:3      | XOM is BORED!
 15779 | D:3      | XOM: harmless Ice miscast
 16025 | D:3      | XOM: harmless Pois miscast
 16129 | D:3      | XOM: cloud trail
 16171 | D:3      | XOM: scenery: create altars
 16339 | D:3      | XOM: stat loss: -1 Int (17/18)
 16521 | D:3      | XOM: mild Necr miscast
 17190 | D:3      | XOM is BORED!
 17285 | D:3      | XOM: scenery: create altars
 17447 | D:3      | XOM: summons 3 hostile shadow creatures
 17448 | D:3      | Noticed a centaur warrior
 17448 | D:3      | Noticed a wizard
 17505 | D:4      | XOM: polymorph orc wizard -> ooze
 17510 | D:4      | HP: 13/49 [orc priest/divine providence (16)]
 17517 | D:4      | HP: 11/49 [adder (3)]
 17529 | D:4      | XOM: scenery: create altars
 17539 | D:4      | HP: 13/49 [orc/hand axe (1)]
 17545 | D:4      | HP: 9/49 [something/magic dart (5)]
 17546 | D:4      | Reached XP level 7. HP: 6/55 MP: 7/7
 17926 | D:4      | XOM: enchant monster (good)
 17934 | D:4      | Reached skill level 5 in Fighting
 18241 | D:4      | Reached skill level 5 in Maces & Flails
 18487 | D:4      | Found a sacrificial altar of Ru.
 18772 | D:4      | XOM: medium Ice miscast
 18779 | D:4      | XOM: harmless Hex miscast
 18904 | D:4      | XOM: mild Pois miscast
 19246 | D:4      | XOM: noise
 19630 | D:4      | Reached XP level 8. HP: 63/63 MP: 8/8
 19811 | D:4      | XOM: divination: detect creatures
 19935 | D:4      | XOM: divination: detect creatures
 20154 | D:4      | XOM: harmless Conj miscast
 20736 | D:4      | XOM: summons 4 hostile demons
 20858 | D:4      | XOM: cloud trail
 21010 | D:4      | XOM: god gift: royal jelly
 21804 | D:4      | XOM: god gift: 10 royal jellies
 22436 | D:4      | XOM: scenery: create altars
 22749 | D:4      | XOM is BORED!
 22749 | D:4      | XOM: mild Summ miscast
 22791 | D:4      | XOM: scenery: create altars
 23198 | D:4      | XOM: divination: magic mapping
 23308 | D:4      | XOM: medium Tmut miscast
 23648 | D:4      | XOM: summons 3 hostile shadow creatures
 23675 | D:4      | XOM: mild Tmut miscast
 23984 | D:4      | XOM: harmless Necr miscast
 24106 | D:4      | XOM: severe Air miscast
 24183 | D:4      | XOM: summons 1 hostile demon
 24381 | D:4      | XOM: noise
 24400 | D:4      | XOM: harmless Ice miscast
 24605 | D:4      | XOM: mild Necr miscast
 24865 | D:4      | XOM: mild Hex miscast
 25383 | D:4      | XOM: noise
 26091 | D:4      | XOM: god gift: great mace {god gift}
 26497 | D:4      | XOM: harmless Fire miscast
 27112 | D:4      | Noticed a troll
 27112 | D:4      | a shapeshifter changed into a troll
 27112 | D:4      | XOM: summons 1 hostile shadow creature
 27114 | D:5      | Entered Level 5 of the Dungeon
 27163 | D:5      | Found a bloodstained altar of Trog.
 27263 | D:5      | XOM: enchant monster (bad)
 27296 | D:5      | Learned a level 2 spell: Swiftness
 27513 | D:5      | Found a deep blue altar of Sif Muna.
 27544 | D:5      | Found a shadowy altar of Dithmenos.
 27635 | D:5      | Reached skill level 6 in Fighting
 28040 | D:5      | XOM: harmless Air miscast
 28166 | D:5      | XOM: mild Ice miscast
 28370 | D:5      | XOM: mild Ice miscast
 28946 | D:5      | XOM: silly message
 29211 | D:5      | XOM is BORED!
 29211 | D:5      | XOM: noise
 29781 | D:5      | XOM: mild Conj miscast
 30485 | D:5      | XOM: summons 2 hostile shadow creatures
 30533 | D:5      | XOM: summons 4 hostile shadow creatures
 30555 | D:6      | Got a bloodstained quarterstaff
 30571 | D:6      | Identified the +8 quarterstaff of the Ring {antimagic, rF++ Int+7} (You found it on level 6 of the Dungeon)
 30620 | D:6      | XOM is BORED!
 30620 | D:6      | Found Cuuhuat's Distillery.
 30620 | D:6      | XOM: 5-stop teleportation journey
 30678 | D:6      | Found a staircase to the Ecumenical Temple.
 30685 | Temple   | Entered the Ecumenical Temple
 30857 | Temple   | XOM: noise
 31549 | Temple   | XOM: god gift: wand of clouds (?/9) {god gift}
 31621 | Temple   | XOM: scenery: create altars
 31808 | Temple   | XOM: 1-stop teleportation journey
 32018 | Temple   | XOM: scenery: create altars
 32050 | Temple   | XOM: harmless Tloc miscast
 32322 | Temple   | XOM: god gift: opal ring {god gift}
 32469 | Temple   | XOM: 5-stop teleportation journey
 32792 | Temple   | XOM: mild Ice miscast
 34198 | Temple   | XOM: god gift: book of Flames
 34442 | Temple   | XOM: 2-stop teleportation journey
 34701 | Temple   | XOM: 3-stop teleportation journey
 34733 | Temple   | XOM: 5-stop teleportation journey
 35029 | Temple   | XOM: cloud trail
 35704 | Temple   | XOM: scenery: create altars
 35871 | Temple   | XOM: scenery: create altars
 36002 | Temple   | XOM: god gift: 45 gold pieces
 36207 | Temple   | XOM: god gift: sharpened fluorescent wand {god gift}
 36307 | Temple   | XOM is BORED!
 36307 | Temple   | XOM: mild Summ miscast
 37143 | Temple   | XOM: summons 4 hostile demons
 37144 | Temple   | Noticed a sun demon
 37216 | D:6      | Found an iron altar of Okawaru.
 37221 | D:6      | Found a basalt altar of Yredelemnul.
 37222 | D:6      | Found an opulent altar of Gozag.
 37521 | D:5      | XOM: harmless Pois miscast
 37767 | D:5      | XOM: harmless Chrm miscast
 37814 | D:5      | XOM: harmless Necr miscast
 38029 | D:5      | Noticed a frost giant
 38046 | D:6      | Fell from the grace of Xom
 38046 | D:6      | Became a worshipper of Gozag Ym Sagoz the Greedy
 38144 | D:6      | Noticed p0werm0de's ghost (novice DsBe)
 38176 | D:6      | Reached XP level 9. HP: 69/71 MP: 3/9
 38326 | D:6      | Found a glowing silver altar of Zin.
 38384 | D:6      | Killed p0werm0de's ghost
 38384 | D:6      | Reached skill level 7 in Fighting
 38384 | D:6      | Reached skill level 1 in Staves
 38883 | D:7      | XOM: noise
 38927 | D:7      | Found a flagged portal.
 38937 | Bailey   | Entered a bailey
 39181 | Bailey   | HP: 34/73 [orc warrior/war axe (13)]
 39361 | Bailey   | XOM: medium Summ miscast
 39367 | Bailey   | HP: 34/74 [small abomination[the capriciousness of Xom] (6)]
 39370 | Bailey   | HP: 9/74 [small abomination[the capriciousness of Xom] (10)]
 39377 | Bailey   | HP: 14/74 [small abomination[the capriciousness of Xom] (16)]
 39378 | Bailey   | HP: 1/74 [small abomination[the capriciousness of Xom] (13)]
 39379 | Bailey   | Mangled by a small abomination

Skill      XL: |  1  2  3  4  5  6  7  8  9 |
---------------+----------------------------+-----
Maces & Flails | 3 4 5 6 |  6.1
Armour         | 2 3 4 |  4.9
Dodging        | 1 2 3 4 |  4.0
Fighting       | 4 5 6 7 |  7.8
Shields        | 1 2 3 |  3.0
Staves         | 3 |  3.0

Action                   |  1- 3 |  4- 6 |  7- 9 || total
-------------------------+-------+-------+-------++-------
Melee: Whip              |     9 |       |       ||     9
       Mace              |   111 |   189 |   193 ||   493
       Club              |       |    22 |       ||    22
       Flail             |       |    51 |   136 ||   187
       Quarterstaff      |       |       |   192 ||   192
Throw: Tomahawk          |       |       |     1 ||     1
Invok: Potion Petition   |       |       |     1 ||     1
Evoke: Wand              |       |       |     2 ||     2
  Use: Scroll            |     4 |     9 |     3 ||    16
 Stab: Confused          |     1 |       |       ||     1
       Sleeping          |       |       |     2 ||     2
Armor: Leather armour    |    14 |       |       ||    14
       Scale mail        |    50 |   130 |   238 ||   418
Dodge: Dodged            |    61 |   132 |   214 ||   407
Block: Other             |    35 |    60 |    45 ||   140
       Reflection        |     1 |     1 |     1 ||     3
       Buckler           |       |       |   109 ||   109
